 Dungeon Crawl Stone Soup version 0.24.0-123-gd5b16e6ec5 (webtiles) character file.

Game seed: 3342056840708644561, levelgen mode: deterministic

168 Curus the Chopper (level 5, -4/45 HPs)
             Began as a Minotaur Fighter on Jan 19, 2020.
             Was an Initiate of Makhleb.
             Killed by divine providence
             ... invoked by an orc priest
              (17 damage)
             ... on level 4 of the Dungeon.
             The game lasted 00:08:09 (2010 turns).

Curus the Chopper (Minotaur Fighter)                Turns: 2010, Time: 00:08:10

Health: -4/45      AC: 10    Str: 26    XL:     5   Next: 23%
Magic:  4/4        EV:  7    Int:  6    God:    Makhleb [......]
Gold:   109        SH:  9    Dex:  9    Spells: 4/4 levels left

rFire    . . .     SeeInvis .   a - +0 war axe
rCold    + . .     Gourm    .   c - +0 shield
rNeg     . . .     Faith    .   b - +0 scale mail
rPois    .         Spirit   .   (helmet restricted)
rElec    .         Reflect  .   i - +0 cloak
rCorr    .         Harm     .   (no gloves)
MR       .....                  e - +1 pair of boots (curse)
Stlth    ..........             (no amulet)
HPRegen  0.15/turn              j - ring of wizardry
MPRegen  0.09/turn              m - ring of protection from cold

@: mighty
A: retaliatory headbutt, horns 2
a: Renounce Religion


You were on level 4 of the Dungeon.
You worshipped Makhleb.
Makhleb was noncommittal.
You were not hungry.

You visited 1 branch of the dungeon, and saw 4 of its levels.

You collected 109 gold pieces.

Inventory:

Hand Weapons
 a - a +0 war axe (weapon)
Armour
 b - a +0 scale mail (worn)
 c - a +0 shield (worn)
 e - a cursed +1 pair of boots (worn)
 i - a +0 cloak (worn)
Jewellery
 j - a ring of wizardry (left hand)
 m - a ring of protection from cold (right hand)
Wands
 l - a wand of digging (7)
Scrolls
 h - 5 scrolls of identify
 n - a scroll of enchant armour
 p - a scroll of remove curse
Potions
 g - 2 potions of haste
 k - a potion of curing
Comestibles
 f - 5 rations
 o - a chunk of flesh


   Skills:
 - Level 3.6 Fighting
 + Level 6.7 Axes
 - Level 3.6 Armour
 - Level 3.6 Shields


You had 4 spell levels left.
You didn't know any spells.
Your spell library was empty.

Dungeon Overview and Level Annotations

Branches:
Dungeon (4/15)
 Temple: D:4-7

Altars:
Makhleb
Sif Muna
Xom


Innate Abilities, Weirdness & Mutations

You reflexively headbutt those who attack you in melee.
You have a pair of horns on your head.


Message History

You slash the orc!
You kill the orc!
Makhleb accepts your kill.
You hit the orc. The orc hits you but does no damage.
You hit the orc priest.
The orc priest is moderately wounded.
You barely miss the orc.
The orc priest hits you but does no damage.
The orc barely misses you. You furiously retaliate!
You headbutt the orc!
You kill the orc!
Makhleb accepts your kill.
You closely miss the orc priest.
The orc priest is moderately wounded.
You block the orc priest's attack.
You closely miss the orc priest.
The orc priest is moderately wounded.
The orc priest closely misses you.
The orc priest invokes the aid of Beogh against you.
Beogh smites you!
You die...

##..## ##..####
###...## ....
##...## ....
##...## .....
#....### .....
#......## ......
#.......####......
#.........@o#.....
#.)........(......
#..........#......
#.........#####...
#.........# #.
##........#
#.....?...
#.........#
##.......##


You could see an orc priest.

Vanquished Creatures
  An orc priest (D:4)
  A worker ant (D:4)
  5 adders
  A worm (D:3)
  2 dart slugs
  A leopard gecko (D:1)
  4 orcs (D:4)
  2 giant cockroaches (D:3)
  10 hobgoblins
  4 jackals (D:1)
  2 ball pythons
  2 bats
  5 frilled lizards
  5 goblins
  12 kobolds
  8 rats
65 creatures vanquished.

Notes
Turn   | Place    | Note
-------+----------+-------------------------------------------
     0 | D:1      | Curus the Minotaur Fighter began the quest for the Orb.
     0 | D:1      | Reached XP level 1. HP: 19/19 MP: 0/0
    42 | D:1      | Reached skill level 3 in Axes
    47 | D:1      | Reached XP level 2. HP: 26/26 MP: 1/1
   267 | D:1      | Reached skill level 4 in Axes
   586 | D:1      | Reached XP level 3. HP: 26/31 MP: 2/2
  1041 | D:2      | Reached skill level 5 in Axes
  1057 | D:2      | Reached XP level 4. HP: 30/39 MP: 3/3
  1164 | D:2      | Found a faded altar of an unknown god.
  1471 | D:2      | Found a shimmering altar of Xom.
  1666 | D:3      | Found a burning altar of Makhleb.
  1672 | D:3      | Became a worshipper of Makhleb the Destroyer
  1805 | D:3      | Found a shimmering blue altar of Sif Muna.
  1937 | D:4      | Reached skill level 6 in Axes
  2004 | D:4      | Reached XP level 5. HP: 12/45 MP: 4/4
  2010 | D:4      | Killed from afar by an orc priest

Levels and vault maps discovered:
D:1:      onia_arrival_mini_spirals, layout_basic, chequers_garden,
          minmay_hexomino_f4
D:2:      lemuel_upstairs_altar, layout_loops_ring,
          chequers_ecumenical_altar_simple
D:3:      layout_rooms, lemuel_round_altar, old_standard_altar, first_ration
D:4:      layout_cave_pods, eat_drink_and_be_merry_uskayaw,
          kennysheep_little_box, minmay_temple_entry_antechambers, serial_shops,
          shop_scrolls, kennysheep_mini, uniq_ijyb

Skill      XL: |  1  2  3  4 |
---------------+-------------+-----
Axes           | 3 4 5 6 |  6.7
Fighting       | |  3.6
Armour         | |  3.6
Shields        | |  3.6

Action                   |  1- 3 |  4- 6 || total
-------------------------+-------+-------++-------
Melee: War axe           |    89 |    91 ||   180
       Headbutt          |     6 |    13 ||    19
  Use: Potion            |     1 |     6 ||     7
       Scroll            |     8 |     1 ||     9
  Eat: Chunk             |       |     4 ||     4
Armor: Scale mail        |    38 |    34 ||    72
Dodge: Dodged            |    21 |    22 ||    43
Block: Shield            |    28 |    32 ||    60
